ITL
CHATTANOOGA CHINPOKOMON @ PORTLAND PRIVATEERS
09/20/2028
 
TOP OF THE 1ST
Chattanooga Chinpokomon batting - Pitching for Portland Privateers : LHP Pedro Santana
Pitching: LHP Pedro Santana
Batting: RHB Ben Barker 0-0: Foul Ball, location: 2F
0-1: Ball
1-1: Called Strike
1-2: DOUBLE (Line Drive, 7LS)
Batting: RHB Jeffrey Hicks 0-0: Ball
1-0: Ball
2-0: Called Strike
2-1: SINGLE (Flyball, 7S)
Ben Barker to third
Batting: RHB Jesús Tisnado 0-0: Ball
1-0: Ball
2-0: Ball
3-0: Base on Balls
Jeffrey Hicks to second
Batting: RHB Ramiro Chávez 0-0: Ball
1-0: Grounds into double play, 6-4-3 (Groundball, 6)
Ben Barker scores
Jeffrey Hicks to third
Batting: RHB Luis Antonio Velásquez 0-0: Ball
1-0: Called Strike
1-1: SINGLE (Line Drive, 8LS)
Jeffrey Hicks scores
Batting: RHB Ichizo Akiyama 0-0: SINGLE (Line Drive, 34D)
Luis Antonio Velásquez to second
Batting: RHB Kyung-bok Cho 0-0: Fly out, F9 (Flyball, 9S)
Top of the 1st over - 2 run(s), 4 hit(s), 0 error(s), 2 left on base; Chattanooga 2 - Portland 0
BOTTOM OF THE 1ST
Portland Privateers batting - Pitching for Chattanooga Chinpokomon : RHP Juan Moreno
Pitching: RHP Juan Moreno
Batting: SHB Patrick Larson 0-0: Fly out, F8 (Flyball, 89S)
Batting: RHB Joe Bailey 0-0: Foul Ball, location: 2F
0-1: Ball
1-1: Foul Ball, location: 2F
1-2: Foul Ball, location: 2F
1-2: Strikes out swinging
Batting: LHB Carter Sweet 0-0: Called Strike
0-1: Ball
1-1: Swinging Strike
1-2: Ball
2-2: Foul Ball, location: 2F
2-2: Ball
3-2: Strikes out swinging
Bottom of the 1st over - 0 run(s), 0 hit(s), 0 error(s), 0 left on base; Chattanooga 2 - Portland 0
TOP OF THE 2ND
Chattanooga Chinpokomon batting - Pitching for Portland Privateers : LHP Pedro Santana
Batting: RHB José Martínez 0-0: Ball
1-0: Called Strike
1-1: Foul Ball, location: 2F
1-2: Foul Ball, location: 2F
1-2: Ball
2-2: Ball
3-2: Base on Balls
Batting: LHB Martin Davis 0-0: Called Strike
0-1: Swinging Strike
0-2: Strikes out looking
Batting: RHB Ben Barker 0-0: Ball
1-0: Ball
2-0: Foul Ball, location: 2F
2-1: Foul Ball, location: 2F
2-2: Strikes out swinging
Batting: RHB Jeffrey Hicks 0-0: Ball
1-0: Fly out, F9 (Flyball, 9S)
Top of the 2nd over - 0 run(s), 0 hit(s), 0 error(s), 1 left on base; Chattanooga 2 - Portland 0
BOTTOM OF THE 2ND
Portland Privateers batting - Pitching for Chattanooga Chinpokomon : RHP Juan Moreno
Batting: SHB Eric Pimentel 0-0: Swinging Strike
0-1: SINGLE (Groundball, 56D)
Batting: RHB José Balina 0-0: Swinging Strike
0-1: Called Strike
0-2: Strikes out swinging
Batting: SHB Cory Campbell 0-0: Ball
1-0: Ball
2-0: Ball
3-0: Base on Balls
Eric Pimentel to second
Batting: LHB Domingo Ledesma 0-0: Ball
1-0: Foul Ball, location: 2F
1-1: Ball
2-1: Ball
3-1: Foul Ball, location: 2F
3-2: Base on Balls
Eric Pimentel to third
Cory Campbell to second
Batting: LHB Pedro Padilla 0-0: Called Strike
0-1: Ball
1-1: Fly out, F9 (Flyball, 89M)
Runner from 3rd tags up, SCORES, no throw
Batting: RHB Carlos Castro 0-0: Swinging Strike
0-1: Ball
1-1: Ball
2-1: Ball
3-1: Base on Balls
Cory Campbell to third
Domingo Ledesma to second
Batting: SHB Patrick Larson 0-0: Called Strike
0-1: Called Strike
0-2: Ball
1-2: Foul Ball, location: 2F
1-2: Fielders Choice at 2nd, 4-6 (Groundball, 34D)
Bottom of the 2nd over - 1 run(s), 1 hit(s), 0 error(s), 2 left on base; Chattanooga 2 - Portland 1
TOP OF THE 3RD
Chattanooga Chinpokomon batting - Pitching for Portland Privateers : LHP Pedro Santana
Batting: RHB Jesús Tisnado 0-0: Called Strike
0-1: Hit by Pitch
Batting: RHB Ramiro Chávez 0-0: Ball
1-0: Ball
2-0: Fly out, F8 (Flyball, 8LD)
Batting: RHB Luis Antonio Velásquez 0-0: Ball
1-0: Ball
2-0: Called Strike
2-1: Foul Ball, location: 2F
2-2: Strikes out swinging
Batting: RHB Ichizo Akiyama 0-0: Called Strike
0-1: Ball
1-1: Foul Ball, location: 2F
1-2: Foul Ball, location: 2F
1-2: Strikes out swinging
Top of the 3rd over - 0 run(s), 0 hit(s), 0 error(s), 1 left on base; Chattanooga 2 - Portland 1
BOTTOM OF THE 3RD
Portland Privateers batting - Pitching for Chattanooga Chinpokomon : RHP Juan Moreno
Batting: RHB Joe Bailey 0-0: Called Strike
0-1: Called Strike
0-2: Fly out, F8 (Flyball, 8RXD)
Batting: LHB Carter Sweet 0-0: Fly out, F9 (Flyball, 9)
Batting: SHB Eric Pimentel 0-0: Called Strike
0-1: Ball
1-1: Foul Ball, location: 2F
1-2: Fly out, F6 (Popup, 6D)
Bottom of the 3rd over - 0 run(s), 0 hit(s), 0 error(s), 0 left on base; Chattanooga 2 - Portland 1
TOP OF THE 4TH
Chattanooga Chinpokomon batting - Pitching for Portland Privateers : LHP Pedro Santana
Batting: RHB Kyung-bok Cho 0-0: Foul Ball, location: 2F
0-1: Fly out, F9 (Flyball, 9)
Batting: RHB José Martínez 0-0: Called Strike
0-1: Ball
1-1: Called Strike
1-2: Foul Ball, location: 2F
1-2: Fly out, F6 (Line Drive, 6)
Batting: LHB Martin Davis 0-0: Called Strike
0-1: Foul Ball, location: 2F
0-2: Strikes out swinging
Top of the 4th over - 0 run(s), 0 hit(s), 0 error(s), 0 left on base; Chattanooga 2 - Portland 1
BOTTOM OF THE 4TH
Portland Privateers batting - Pitching for Chattanooga Chinpokomon : RHP Juan Moreno
Batting: RHB José Balina 0-0: SINGLE (Line Drive, 8RS)
Batting: SHB Cory Campbell 0-0: Ball
1-0: Called Strike
1-1: Swinging Strike
1-2: Strikes out swinging
Batting: LHB Domingo Ledesma 0-0: Ball
1-0: Ball
2-0: Ground out 4-3 (Groundball, 34)
José Balina to second
Batting: LHB Pedro Padilla 0-0: Ball
1-0: Foul Ball, location: 2F
1-1: Swinging Strike
1-2: Reached on error, E6 (Groundball, 6)
José Balina to third
Batting: RHB Carlos Castro 0-0: Called Strike
0-1: Swinging Strike
0-2: Strikes out swinging
Bottom of the 4th over - 0 run(s), 1 hit(s), 1 error(s), 2 left on base; Chattanooga 2 - Portland 1
TOP OF THE 5TH
Chattanooga Chinpokomon batting - Pitching for Portland Privateers : LHP Pedro Santana
Batting: RHB Ben Barker 0-0: Fly out, F9 (Flyball, 9S)
Batting: RHB Jeffrey Hicks 0-0: SINGLE (Line Drive, 8LS)
Batting: RHB Jesús Tisnado 0-0: Called Strike
Jeffrey Hicks steals 2nd base
0-1: Foul Ball, location: 2F
0-2: Ball
1-2: Ball
2-2: Strikes out swinging
Batting: RHB Ramiro Chávez 0-0: Ball
1-0: Called Strike
1-1: Ball
2-1: Foul Ball, location: 2F
2-2: Ball
3-2: SINGLE (Line Drive, 56D)
Jeffrey Hicks to third
Jeffrey Hicks scores
Batting: RHB Luis Antonio Velásquez 0-0: Swinging Strike
0-1: Ball
1-1: Ball
2-1: Foul Ball, location: 2F
2-2: Foul Ball, location: 2F
2-2: Strikes out swinging
Top of the 5th over - 1 run(s), 2 hit(s), 0 error(s), 1 left on base; Chattanooga 3 - Portland 1
BOTTOM OF THE 5TH
Portland Privateers batting - Pitching for Chattanooga Chinpokomon : RHP Juan Moreno
Batting: SHB Patrick Larson 0-0: Ball
1-0: SINGLE (Groundball, 34D)
Batting: RHB Joe Bailey 0-0: Ball
Patrick Larson steals 2nd base
1-0: Ground out 4-3 (Groundball, 4)
Patrick Larson to third
Batting: LHB Carter Sweet 0-0: Ball
1-0: Foul Ball, location: 2F
1-1: Swinging Strike
1-2: Foul Ball, location: 2F
1-2: Foul Ball, location: 2F
1-2: Ball
2-2: Strikes out swinging
Batting: SHB Eric Pimentel 0-0: Ball
1-0: Ground out U3 (Groundball, 3)
Bottom of the 5th over - 0 run(s), 1 hit(s), 0 error(s), 1 left on base; Chattanooga 3 - Portland 1
TOP OF THE 6TH
Chattanooga Chinpokomon batting - Pitching for Portland Privateers : LHP Pedro Santana
Batting: RHB Ichizo Akiyama 0-0: Ball
1-0: Swinging Strike
1-1: Ball
2-1: Foul Ball, location: 2F
2-2: Fly out, F8 (Line Drive, 78XD)
Batting: RHB Kyung-bok Cho 0-0: Ball
1-0: Called Strike
1-1: Ground out U3 (Groundball, 34)
Batting: RHB José Martínez 0-0: Foul Ball, location: 2F
0-1: Foul Ball, location: 2F
0-2: Strikes out looking
Top of the 6th over - 0 run(s), 0 hit(s), 0 error(s), 0 left on base; Chattanooga 3 - Portland 1
BOTTOM OF THE 6TH
Portland Privateers batting - Pitching for Chattanooga Chinpokomon : RHP Juan Moreno
Batting: RHB José Balina 0-0: Ball
1-0: Ball
2-0: Called Strike
2-1: Foul Ball, location: 2F
2-2: Ball
3-2: Foul Ball, location: 2F
3-2: Strikes out swinging
Batting: SHB Cory Campbell 0-0: Called Strike
0-1: Ball
1-1: Ball
2-1: Swinging Strike
2-2: Foul Ball, location: 2F
2-2: Strikes out looking
Batting: LHB Domingo Ledesma 0-0: Called Strike
0-1: Called Strike
0-2: Strikes out looking
Bottom of the 6th over - 0 run(s), 0 hit(s), 0 error(s), 0 left on base; Chattanooga 3 - Portland 1
TOP OF THE 7TH
Chattanooga Chinpokomon batting - Pitching for Portland Privateers : LHP Pedro Santana
Pitching: LHP Jaime Ayala
Batting: LHB Martin Davis 0-0: Ball
1-0: Called Strike
1-1: Ball
2-1: Called Strike
2-2: Foul Ball, location: 2F
2-2: Strikes out swinging
Batting: RHB Ben Barker 0-0: Ball
1-0: Ball
2-0: Fly out, F9 (Flyball, 9S)
Batting: RHB Jeffrey Hicks 0-0: Called Strike
0-1: Swinging Strike
0-2: Ball
1-2: Strikes out swinging
Top of the 7th over - 0 run(s), 0 hit(s), 0 error(s), 0 left on base; Chattanooga 3 - Portland 1
BOTTOM OF THE 7TH
Portland Privateers batting - Pitching for Chattanooga Chinpokomon : RHP Juan Moreno
Pitching: LHP Félix García
Batting: LHB Pedro Padilla 0-0: Called Strike
0-1: Swinging Strike
0-2: Strikes out looking
Batting: RHB Carlos Castro 0-0: Ball
1-0: Called Strike
1-1: Foul Ball, location: 2F
1-2: SOLO HOME RUN (Flyball, 7LD), Distance : 348 ft
Batting: SHB Patrick Larson 0-0: Called Strike
0-1: Ball
1-1: Swinging Strike
1-2: Reached on error, E6 (Groundball, 6)
Batting: RHB Joe Bailey 0-0: Ball
1-0: Ground out 4-3 (Groundball, 4MD)
Patrick Larson to third
Batting: LHB Carter Sweet 0-0: Ball
1-0: Called Strike
1-1: Called Strike
1-2: Ball
2-2: Ball
3-2: Base on Balls
Batting: SHB Eric Pimentel 0-0: Ball
1-0: Called Strike
1-1: Foul Ball, location: 2F
1-2: Ball
2-2: Foul Ball, location: 2F
2-2: Foul Ball, location: 2F
2-2: TRIPLE (Flyball, 8LXD)
Patrick Larson scores
Carter Sweet scores
Pitching: LHP Jeff Hardin
Batting: RHB José Balina 0-0: Called Strike
0-1: Swinging Strike
0-2: Ball
1-2: Ball
2-2: Ball
3-2: Base on Balls
Pinch Hitting: RHB Luis Pineda 0-0: Ball
1-0: Ball
2-0: Foul Ball, location: 2F
2-1: SINGLE (Line Drive, 89S)
Eric Pimentel scores
José Balina to second
Batting: LHB Domingo Ledesma 0-0: Foul Ball, location: 2F
0-1: Ball
1-1: Called Strike
1-2: Ground out 4-3 (Groundball, 34D)
Bottom of the 7th over - 4 run(s), 3 hit(s), 1 error(s), 2 left on base; Chattanooga 3 - Portland 5
TOP OF THE 8TH
Chattanooga Chinpokomon batting - Pitching for Portland Privateers : LHP Jaime Ayala
Now at 2B: Luis Pineda
Batting: RHB Jesús Tisnado 0-0: Ball
1-0: SINGLE (Groundball, 6MD)
Pitching: LHP Luke Brown
Batting: RHB Ramiro Chávez 0-0: Foul Ball, location: 2F
0-1: Ball
1-1: Ball
2-1: Foul Ball, location: 2F
2-2: Ball
3-2: Foul Ball, location: 2F
3-2: Foul Ball, location: 2F
3-2: Grounds into double play, 5-4-3 (Groundball, 5L)
Batting: RHB Luis Antonio Velásquez 0-0: Ball
1-0: Called Strike
1-1: Called Strike
1-2: Ball
2-2: Strikes out looking
Top of the 8th over - 0 run(s), 1 hit(s), 0 error(s), 0 left on base; Chattanooga 3 - Portland 5
BOTTOM OF THE 8TH
Portland Privateers batting - Pitching for Chattanooga Chinpokomon : LHP Jeff Hardin
Batting: LHB Pedro Padilla 0-0: DOUBLE (Groundball, 3L)
Batting: RHB Carlos Castro 0-0: Called Strike
0-1: SINGLE (Line Drive, 56D)
Pedro Padilla to third
Batting: SHB Patrick Larson 0-0: DOUBLE (Line Drive, 7LS)
Pedro Padilla scores
Carlos Castro to third
Batting: RHB Joe Bailey 0-0: Intentional Walk
Batting: LHB Carter Sweet 0-0: SINGLE (Groundball, 4MD)
Carlos Castro scores
Patrick Larson to third
Joe Bailey to second
Runner from 3rd tries for Home, SAFE, throw made home
Pitching: LHP Esteban Santos
Batting: SHB Eric Pimentel 0-0: Called Strike
0-1: Called Strike
0-2: SINGLE (Groundball, 34D)
Joe Bailey to third
Carter Sweet to second
Batting: RHB José Balina 0-0: Ball
1-0: Called Strike
1-1: Foul Ball, location: 2F
1-2: DOUBLE (Groundball, 3L)
Joe Bailey scores
Carter Sweet scores
Eric Pimentel to third
Batting: RHB Luis Pineda 0-0: Called Strike
0-1: Ball
1-1: Fly out, F8 (Line Drive, 78M)
Runner from 3rd tags up, SCORES, no throw
Batting: LHB Domingo Ledesma 0-0: Called Strike
0-1: Ball
1-1: Ball
2-1: Ball
Wild Pitch!
José Balina to third
3-1: Ground out U3 (Groundball, 3L)
Batting: LHB Pedro Padilla 0-0: Foul Ball, location: 2F
0-1: Called Strike
0-2: Ball
1-2: DOUBLE (Line Drive, 89XD)
José Balina scores
Batting: RHB Carlos Castro 0-0: Ball
1-0: Called Strike
1-1: Ground out 4-3 (Groundball, 4)
Bottom of the 8th over - 7 run(s), 7 hit(s), 0 error(s), 1 left on base; Chattanooga 3 - Portland 12
TOP OF THE 9TH
Chattanooga Chinpokomon batting - Pitching for Portland Privateers : LHP Luke Brown
Batting: RHB Ichizo Akiyama 0-0: Called Strike
0-1: Ball
1-1: Ground out 5-3 (Groundball, 56S)
Batting: RHB Kyung-bok Cho 0-0: Foul Ball, location: 2F
0-1: Ball
1-1: Foul Ball, location: 2F
1-2: Strikes out swinging
Batting: RHB José Martínez 0-0: Called Strike
0-1: Ball
1-1: Foul Ball, location: 2F
1-2: Ball
2-2: Strikes out swinging
Top of the 9th over - 0 run(s), 0 hit(s), 0 error(s), 0 left on base; Chattanooga 3 - Portland 12
Tuesday, August 8th, 2017 - OOTP Baseball 17.12 Build 75